 Dungeon Crawl Stone Soup version 0.27-a0-1202-ge72e49191c (webtiles) character file.

Game seed: 10792580612845111714

7 mandarbmax the Caller (level 2, -2/15 HPs)
             Began as a Tengu Summoner on June 5, 2021.
             Slain by a gnoll
             ... wielding a +0 spear
              (9 damage)
             ... on level 1 of the Dungeon.
             The game lasted 00:00:57 (513 turns).

mandarbmax the Caller (Tengu Summoner)               Turns: 513, Time: 00:00:57

Health: -2/15      AC:  2    Str:  8    XL:     2   Next: 4%
Magic:  2/6        EV: 12    Int: 15    God:
Gold:   30         SH:  0    Dex: 14    Spells: 4/5 levels left

rFire    . . .     SeeInvis .   (no weapon)
rCold    . . .     Faith    .   (no shield)
rNeg     . . .     Spirit   .   a - +0 robe
rPois    .         Reflect  .   (helmet restricted)
rElec    .         Harm     .   (no cloak)
rCorr    .         Rampage  .   (no gloves)
Will     .....                  (boots unavailable)
Stlth    ++........             (no amulet)
HPRegen  0.05/turn              (no ring)
MPRegen  0.10/turn              (no ring)

@: very slightly contaminated
A: beak, talons 3
a: no special abilities


You were on level 1 of the Dungeon.
You visited 1 branch of the dungeon, and saw 1 of its levels.

You collected 30 gold pieces.

Inventory:

Armour
 a - a +0 robe (worn)
Scrolls
 b - a scroll of teleportation {unknown}


   Skills:
 - Level 2.1 Dodging
 - Level 2.0 Stealth
 - Level 2.0 Spellcasting
 + Level 5.3 Summonings


You had 4 spell levels left.
You knew the following spells:

 Your Spells              Type           Power      Damage    Failure   Level
a - Summon Small Mammal   Summ           68%        N/A       2%          1

Your spell library contained the following spells:

 Spells                   Type           Power      Damage    Failure   Level
 Call Imp                 Summ           17%        N/A       3%          2
 Call Canine Familiar     Summ           17%        N/A       8%          3
 Summon Guardian Golem    Hex/Summ       9%         N/A       22%         3
 Summon Ice Beast         Ice/Summ       9%         N/A       58%         4
 Summon Lightning Spire   Summ/Air       9%         N/A       58%         4


Dungeon Overview and Level Annotations

Branches:
Dungeon (1/15)

Altars:


Innate Abilities, Weirdness & Mutations

You have a beak for a mouth.
You have claws for feet.


Message History

No target in view!
You see here a giant cockroach corpse.
Found 12 stones.
A hobgoblin comes into view.
The hobgoblin shouts!
A hobgoblin is nearby!
A hobgoblin is nearby!
You closely miss the hobgoblin. You claw the hobgoblin.
You kill the hobgoblin!
You have reached level 2!
Your quokka disappears in a puff of smoke!
You now have 30 gold pieces (gained 13).
You open the door.
A gnoll comes into view. It is wielding a +0 spear.
Found a scroll labelled QEQEVE WOCUK.
There is an open door here.
The gnoll shouts!
The gnoll closely misses you.
You barely miss the gnoll. You claw the gnoll.
The gnoll is heavily wounded.
The gnoll hits you with a +0 spear.
You miscast Summon Small Mammal.
You are very lightly contaminated with residual magic.
Nothing appears to happen.
The gnoll closely misses you. The gnoll hits you with a +0 spear.
You are too injured to fight recklessly!
Casting: Summon Small Mammal (safe; 2% risk of failure)
Confirm with . or Enter, or press ? or * to list all spells.
The gnoll closely misses you.
Unknown command.
Your quokka completely misses the gnoll.
The gnoll hits you but does no damage.
Your quokka bites the gnoll. x2
There is an open door here.
Casting: Summon Small Mammal (safe; 2% risk of failure)
Confirm with . or Enter, or press ? or * to list all spells.
Your quokka closely misses the gnoll. x2
The gnoll hits you from afar with a +0 spear!
Ouch! That really hurt!
You die...

##.....## #.#...# #
##.......## #...### #
#.........####...#####
+.........+...........
#........?####........
#....r..# ##..#####
#..gr.# ##.# ##...##
#.# ##@## #.# #b# #.#
#.# #.# ##.## #.#
##...## #.#
###..(..########.#
...............†..#
######.############
###


You could see a gnoll (ally target), 2 friendly quokkas and a friendly bat
(summoned).

Vanquished Creatures
  A giant cockroach (D:1)
  A hobgoblin (D:1)
  A rat (D:1)
3 creatures vanquished.

Vanquished Creatures (collateral kills)
  A dart slug (D:1)
  An endoplasm (D:1)
  A hobgoblin (D:1)
  A bat (D:1)
  A kobold (D:1)
5 creatures vanquished.

Grand Total: 8 creatures vanquished

Notes
Turn   | Place    | Note
-------+----------+-------------------------------------------
     0 | D:1      | mandarbmax the Tengu Summoner began the quest for the Orb.
     0 | D:1      | Reached XP level 1. HP: 10/10 MP: 4/4
    65 | D:1      | Reached skill level 5 in Summonings
   476 | D:1      | Reached XP level 2. HP: 15/15 MP: 4/6
   513 | D:1      | Slain by a gnoll

Illustrated notes

Levels and vault maps discovered:
D:1:      lemuel_arrival_broad_hall, layout_loops_corners,
          ebering_ecumenical_altar_rust, glass_columns_a, st_stairs_1

Skill      XL: |  1 |
---------------+----+-----
Summonings     | 5 |  5.3
Dodging        | |  2.1
Stealth        | |  2.0
Spellcasting   | |  2.0

Action                   || total
-------------------------++-------
Melee: Unarmed           ||    11
       Kick              ||     4
       Peck              ||     1
 Cast: Summon Small Mamm ||    18
 Stab: Sleeping          ||     1
Armor: Robe              ||     2
Dodge: Dodged            ||    11

Table legend: (Time is in decaauts)
 A = Elapsed time spent in this place.
 B = Non-inter-level travel time spent in this place.
 C = Inter-level travel time spent in this place.
 D = Time resting spent in this place.
 E = Time spent auto-exploring this place.
 F = Levels seen in this place.
 G = Mean time per level.
                   A        B        C        D        E       F      G
               +--------+--------+--------+--------+--------+-----+--------+
         Total |    513 |    513 |      0 |    240 |    193 |   1 |  513.0 |
       Dungeon |    513 |    513 |      0 |    240 |    193 |   1 |  513.0 |
               +--------+--------+--------+--------+--------+-----+--------+

Top non-repeatable levels by time:
     D:1: 513 daAuts
